AoeStats
← Realm_Gabolski

Nomad

505318112Analyzed
4v4 RM · 23d ago on Sep 8, 2026· 27m 16s· 8 players
Game mode
Random Map
Map size
231×231
Population
200
Speed
Normal
Resources
Standard
Victory
Conquest
Starting age
Dark Age
Ending age
Imperial Age
RankedLock teamsTeams togetherTeam positionsShared explorationLock speedFull tech treeHidden civsTurbo modeCheats
Victory
Defeat
🇬🇧 Poles · United Kingdom
839
+14
🇬🇧 Franks · United Kingdom
803
+15
🇨🇦 Lithuanians · Canada
794
+15
🇬🇧 Italians · United Kingdom
764
+17
🇨🇱 Khmer · Chile
826
-17
🇹🇷 Poles · Türkiye
798
-16
🇨🇦 Magyars · Canada
777
-15
🇺🇸 Byzantines · United States
728
-13
Realm_Gabolski
18:53 Feudal Age
24:06 Castle Age
22:56 Loom
25:06 Pikeman
25:54 Scale Mail Armor
27:01 Wheelbarrow
Cool
17:42 Feudal Age
18:21 Double-Bit Axe
23:03 Fishing Lines
SaiyajiN
6:14 Loom
17:17 Feudal Age
18:02 Horse Collar
19:23 Fishing Lines
19:47 Gold Mining
20:26 Double-Bit Axe
23:47 Wheelbarrow
25:26 Bloodlines
Jx
3:50 Loom
17:43 Feudal Age
20:03 Wheelbarrow
19:14 Town Watch
19:18 Double-Bit Axe
19:13 Horse Collar
24:45 Castle Age
25:05 Castle Age
The Horn Guy RBW ER
6:13 Loom
14:51 Feudal Age
21:06 Bloodlines
24:45 Castle Age
26:18 Horse Collar
27:15 Wheelbarrow
ᅚᅚ
3:35 Loom
8:20 Loom
15:27 Feudal Age
16:20 Double-Bit Axe
17:32 Scale Barding Armor
21:04 Castle Age
22:03 Bloodlines
22:10 Forging
26:04 Chain Barding Armor
Hunter-1260
13:46 Feudal Age
15:17 Wheelbarrow
18:10 Bloodlines
18:24 Double-Bit Axe
20:12 Forging
24:51 Castle Age
22:46 Gold Mining
25:53 Hand Cart
hoaxkey
12:25 Loom
14:32 Feudal Age
17:49 Double-Bit Axe
19:04 Scale Barding Armor
23:34 Castle Age
22:39 Forging
Connection lost

Rejoining the realm…

Still unreachable

The connection could not be restored.

Session expired

The server has moved on; the page needs a fresh start.